Map: Sang chaud EC

Players

Thoribass - Winner!

  • Race: Zerg Zerg
  • League: Gold
  • Spawn Location: 5:00

zidar

  • Race: Zerg Zerg
  • League: Gold
  • Spawn Location: 11:00

VOD

Have the link to the VOD?

Description

Time

  • Played on: July 6, 2017, 2:24 p.m.
  • Length: 9:51
Show
View Real Time Build Order
Export as new Build Order

Thoribass Zerg - Winner!

Build Orders: Pool First 

Get SALT Encoding   

  12  0:00  Unknown  
  12  0:10  Overlord  
  12  0:13  Drone  
  13  0:22  Drone  
  14  0:29  Drone  
  14  0:33  Drone  
  16  0:43  Drone  
  16  0:48  Spawning Pool  
  16  0:53  Drone  
  17  1:14  Hatchery  
  16  1:22  Extractor  
  15  1:37  Zergling x4  
  17  1:44  Overlord  
  17  1:48  Queen  
  19  2:05  Drone x2  
  21  2:24  Spine Crawler  
  21  2:26  Drone x2  
  21  2:28  Spine Crawler  
  21  2:39  Drone x3  
  24  2:51  Queen  
  24  2:57  Drone  
  27  2:59  Drone  
  27  3:05  Metabolic Boost  
  28  3:13  Overlord  
  27  3:21  Spine Crawler  
  26  3:28  Spine Crawler  
  26  3:29  Drone  
  26  3:32  Zergling x2  
  27  3:37  Zergling x4  
  29  3:47  Baneling Nest  
  29  3:48  Zergling x2  
  29  3:50  Zergling x2  
  30  4:02  Zergling x8  
  34  4:21  Drone x4  
  38  4:31  Baneling x5  
  38  4:39  Drone x3  
  38  4:43  Overlord  
  41  4:57  Zergling x6  
  43  5:05  Lair  
  43  5:07  Overlord  
  43  5:17  Evolution Chamber x2  
  41  5:23  Zergling x12  
  46  5:37  Drone  
  46  5:38  Roach Warren, Extractor, Drone x2  
  47  5:44  Baneling x3  
  47  5:46  Zerg Melee Weapons Level 1  
  43  6:40  Baneling  
  43  6:41  Baneling x4  
  43  6:42  Zergling x20  
  43  6:43  Zergling x6  
  47  6:48  Zergling x2  
  47  6:49  Zergling x2  
  49  6:56  Overlord x2  
  49  6:57  Extractor  
  48  7:04  Hydralisk Den  
  39  7:15  Zergling x8  
  37  7:27  Zerg Ground Armor Level 1  
  37  7:37  Hydralisk  
  37  7:42  Drone x3  
  42  7:44  Drone  
  43  7:53  Drone x2  
  45  7:59  Lurker Den  
  45  8:11  Drone  
  45  8:12  Drone x7  
  52  8:29  Hydralisk  
  52  8:30  Hydralisk x3  
  52  8:33  Zergling x6  
  63  8:36  Overlord x2  
  63  8:55  Baneling x3  
  63  8:56  Zergling x2, Baneling x5  
  63  8:57  Zergling x8  
  63  9:01  Zergling x2  
  63  9:02  Zergling x4  
  70  9:14  Zergling x2  
  70  9:15  Zergling x2  
  72  9:21  Baneling  
  72  9:22  Baneling x6  
  72  9:34  Lurker  
Show
View Real Time Build Order
Export as new Build Order

zidar Zerg 

Build Orders: Hatch First 

Get SALT Encoding   

  12  0:00  Unknown  
  12  0:02  Drone  
  13  0:12  Overlord  
  13  0:21  Drone  
  14  0:33  Drone x2  
  16  0:52  Hatchery  
  16  0:56  Drone  
  16  0:59  Drone  
  17  1:17  Spawning Pool  
  16  1:19  Drone  
  16  1:23  Extractor  
  16  1:24  Drone  
  17  1:28  Drone  
  18  2:01  Drone  
  19  2:02  Overlord x2  
  19  2:05  Zergling x2  
  19  2:06  Queen  
  21  2:13  Queen  
  23  2:17  Zergling x2  
  23  2:20  Zergling x2  
  25  2:30  Zergling x2  
  25  2:31  Zergling x2  
  25  2:36  Metabolic Boost  
  27  2:44  Zergling x4  
  29  2:54  Zergling x4  
  31  3:24  Zergling x18  
  31  3:25  Zergling x2  
  41  3:36  Baneling Nest  
  41  3:39  Overlord  
  39  4:16  Roach Warren  
  38  4:41  Overlord x2  
  38  4:42  Overlord  
  38  4:57  Extractor  
  36  5:01  Roach  
  36  5:02  Roach x3  
  36  5:03  Roach x3  
  46  5:38  Baneling x5  
  46  5:39  Baneling x2  
  46  5:44  Roach x3  
  47  6:18  Drone x5  
  48  6:19  Drone  
  45  6:51  Baneling  
  45  6:54  Roach  
  45  6:55  Roach x4  
  43  7:18  Roach x4  
  45  7:30  Drone x2  
  45  7:38  Ravager  
  45  7:39  Ravager  
  45  7:43  Roach x3  
  53  7:50  Drone  
  54  7:58  Lair  
  54  8:13  Ravager  
  54  8:14  Ravager  
  54  8:18  Roach x2  
  54  8:19  Roach x2  
  64  8:30  Evolution Chamber  
  63  8:52  Roach x2  
  67  9:02  Overlord  
  67  9:03  Overlord x3  
Tags
 
Add a new tag
Caveats
  • Supply blocks, unpowered buildings, or Contaminate may cause inaccurate times.
  • Supply counts are checked every 10 seconds.